[Event "Titled Tuesday Blitz July 4 Early 2023"]
[White "Deac, Bogdan-Daniel"]
[Black "Kovalenko, Igor"]
[WhiteFideId "1226380"]
[BlackFideId "14117908"]
[WhiteElo "3011"]
[BlackElo "2881"]
[Result "1-0"]
[Round "5"]
[TimeControl "180+2"]
[Date "2023.07.04"]
[WhiteClock "0:00:03"]
[BlackClock "0:00:17"]
[Board "14"]

1. b3 e5 2. Bb2 Qe7 3. e4 Nf6 4. Nc3 c6 5. d4 d6 6. Qd2 b5 7. a3 a6 8. f3 g6 9. a4 b4 10. Nce2 a5 11. dxe5 dxe5 12. O-O-O h5 13. Bxe5 Nbd7 14. Bd6 Qxd6 15. Qxd6 Bxd6 16. Rxd6 Bb7 17. Nf4 Ke7 18. Rd1 g5 19. Nfe2 Ne5 20. Nd4 Bc8 21. h4 g4 22. f4 Nxe4 23. fxe5 Nf2 24. Nxc6+ Kf8 25. Bc4 Nxh1 26. Rf1 Rh7 27. Ne2 Bb7 28. Bd5 Re8 29. Rxh1 Bxc6 30. Bxc6 Rxe5 31. Bb5 Kg7 32. Bd3 Rh8 33. Rf1 Rd8 34. Ng3 Rdd5 35. Kd2 f6 36. Rf4 Rc5 37. Nf5+ Kf7 38. Bc4+ Kg6 39. Ne3 Kg7 40. Bd3 Kf7 41. Ke2 Kg7 42. Kf2 Kf7 43. Nf5 Kf8 44. Ng3 Kg7 45. Nf5+ Kf8 46. Ne3 Kg7 47. Nc4 Red5 48. Ne3 Re5 49. g3 Kf7 50. Rd4 Re7 51. Bc4+ Kg7 52. Bd3 Kf7 53. Nf5 Rec7 54. Nd6+ Kg7 55. Ne8+ Kf7 56. Nxc7 Rxc7 57. Rd5 1-0


[Site "https://www.chess.com"]

[Event "Titled Tuesday Blitz July 4 Early 2023"]
[White "Kamsky, Gata"]
[Black "Galchenko, Matvey"]
[WhiteFideId "2000024"]
[BlackFideId "24175480"]
[WhiteElo "3005"]
[BlackElo "2875"]
[Result "1/2-1/2"]
[Round "5"]
[TimeControl "180+2"]
[Date "2023.07.04"]
[WhiteClock "0:00:09"]
[BlackClock "0:00:38"]
[Board "15"]

1. d4 Nf6 2. Bf4 c5 3. e3 g6 4. c3 Bg7 5. Nf3 cxd4 6. exd4 O-O 7. Nbd2 d6 8. h3 Nc6 9. Bh2 e5 10. dxe5 dxe5 11. Nc4 Nd5 12. Bd3 Re8 13. Be4 Be6 14. Bxd5 Bxd5 15. Ne3 Be4 16. Qxd8 Raxd8 17. Ng5 Bd3 18. O-O-O f5 19. h4 h6 20. Nf3 Be2 21. Rxd8 Rxd8 22. Nd2 e4 23. Re1 Ba6 24. f3 exf3 25. Nxf3 Re8 26. Nc2 Rd8 27. Ne5 Nxe5 28. Bxe5 Re8 29. Bxg7 Rxe1+ 30. Nxe1 Kxg7 31. g3 g5 32. hxg5 hxg5 33. Kd2 Kf6 34. Ke3 Bc4 35. b3 Bd5 36. Nd3 b6 37. c4 Be4 38. Nf2 Bb1 39. a3 Ba2 40. b4 Bxc4 41. Kd4 Be2 42. Nh3 Bf1 43. Nf2 Ke6 44. Nd1 Bb5 45. Nc3 Bc6 46. Ne2 Bf3 47. Nc3 f4 48. gxf4 gxf4 49. Nb5 a5 50. bxa5 bxa5 51. Nc3 Kf5 52. Nb1 Be2 53. Nd2 Kg4 54. Ne4 Bb5 55. Nf6+ Kg3 56. Nh5+ Kg4 57. Nxf4 Kxf4 58. Kc3 Ke3 59. Kb2 Kd3 60. Ka1 Kc3 61. Kb1 Kb3 62. Ka1 Bd3 63. a4 Ka3 1/2-1/2


[Site "https://www.chess.com"]

[Event "Titled Tuesday Blitz July 4 Early 2023"]
[White "Harsha Bharathakoti"]
[Black "Pranav, V"]
[WhiteFideId "5078776"]
[BlackFideId "25060783"]
[WhiteElo "2863"]
[BlackElo "3002"]
[Result "0-1"]
[Round "5"]
[TimeControl "180+2"]
[Date "2023.07.04"]
[WhiteClock "0:00:00"]
[BlackClock "0:00:06"]
[Board "16"]

1. c4 c5 2. Nf3 Nc6 3. Nc3 Nf6 4. e3 e5 5. d4 cxd4 6. exd4 e4 7. Nd2 Bb4 8. a3 Bxc3 9. bxc3 O-O 10. Be2 Re8 11. O-O d5 12. Re1 Be6 13. Bb2 dxc4 14. Nxc4 Rc8 15. Ne3 Na5 16. a4 Nd5 17. Rc1 Nxe3 18. fxe3 Qg5 19. Kh1 Bc4 20. Bg4 f5 21. Bh3 g6 22. Ba3 Bd5 23. Bd6 Nc4 24. Bf4 Qf6 25. Qe2 Rc6 26. Rf1 Qe7 27. g4 g5 28. Bg3 f4 29. exf4 e3+ 30. Bg2 Bxg2+ 31. Qxg2 Nd2 32. Rfe1 h6 33. f5 Qe4 34. d5 Rc4 35. h3 Qd3 36. Re2 Ne4 37. Rce1 Nxc3 38. Rc2 Nxd5 39. Rxc4 Qxc4 40. Qb2 b6 41. Kh2 Qe4 42. Qb3 Rc8 43. Re2 Rc1 44. Rg2 e2 0-1


[Site "https://www.chess.com"]

[Event "Titled Tuesday Blitz July 4 Early 2023"]
[White "Gholami Orimi, Mahdi"]
[Black "Khismatullin, Denis"]
[WhiteFideId "12558486"]
[BlackFideId "4142578"]
[WhiteElo "2856"]
[BlackElo "2992"]
[Result "1-0"]
[Round "5"]
[TimeControl "180+2"]
[Date "2023.07.04"]
[WhiteClock "0:00:06"]
[BlackClock "0:00:09"]
[Board "17"]

1. d4 Nf6 2. c4 e6 3. Nc3 Bb4 4. Qc2 O-O 5. e4 d6 6. e5 Nfd7 7. Nf3 c5 8. a3 Bxc3+ 9. bxc3 cxd4 10. exd6 Qa5 11. Bd2 d3 12. Bxd3 h6 13. O-O Nc5 14. Bh7+ Kh8 15. Rfe1 Nbd7 16. Ne5 Qa4 17. Rad1 b6 18. Qb1 Bb7 19. Bc2 Qxa3 20. Qb4 Qa2 21. Bb1 Qa6 22. Nxd7 Nxd7 23. c5 Nxc5 24. Qh4 Qa4 25. c4 f5 26. Bxh6 Kg8 27. Bg5 Rf7 28. Be7 Re8 29. Rc1 Qc6 30. f3 Qd7 31. Rc3 Rexe7 32. dxe7 Rxe7 33. Rcc1 Qe8 34. Bxf5 Rd7 35. Qh7+ Kf8 36. Bg6 Qd8 37. Qh8+ Ke7 38. Qxg7+ Kd6 39. Rcd1+ Kc7 40. Rxd7+ Nxd7 41. Rd1 Bc6 42. Qd4 Qg5 43. Be4 Qe7 44. Bxc6 Kxc6 45. h4 Nc5 46. h5 Qg5 47. Qg4 Qe3+ 48. Kh1 Qe2 49. Rg1 Qe3 50. Qg6 Nd3 51. Kh2 Qf4+ 52. Qg3 Qf5 53. Qg4 Qe5+ 54. g3 Qe2+ 55. Rg2 Qe3 56. Qe4+ Qxe4 57. fxe4 Ne5 58. g4 Kd6 59. g5 Ke7 60. Kg3 1-0


[Site "https://www.chess.com"]

[Event "Titled Tuesday Blitz July 4 Early 2023"]
[White "Xiong, Jeffery"]
[Black "Gavrilov, Maxim"]
[WhiteFideId "2047640"]
[BlackFideId "24271454"]
[WhiteElo "2928"]
[BlackElo "2566"]
[Result "0-1"]
[Round "5"]
[TimeControl "180+2"]
[Date "2023.07.04"]
[WhiteClock "0:01:01"]
[BlackClock "0:00:31"]
[Board "18"]

1. e4 c5 2. Nf3 d6 3. Nc3 Nf6 4. d4 cxd4 5. Qxd4 Nc6 6. Qd3 g6 7. Nd5 Bg7 8. c3 O-O 9. Bg5 Nd7 10. Qe3 a6 11. Be2 b5 12. Nd4 Ndb8 13. O-O Bb7 14. Nxc6 Nxc6 15. a4 bxa4 16. Rxa4 Re8 17. b4 Ne5 18. Rfa1 Rc8 19. Bxa6 Bxa6 20. Rxa6 Nc4 21. Qe2 h6 22. Bh4 g5 23. Bg3 e6 24. Ne3 Nxe3 25. Qxe3 Rxc3 26. Qd2 Qc8 27. Re1 Qxa6 28. e5 Rd3 0-1


[Site "https://www.chess.com"]

[Event "Titled Tuesday Blitz July 4 Early 2023"]
[White "Nakamura, Hikaru"]
[Black "Akhmedinov, Satbek"]
[WhiteFideId "2016192"]
[BlackFideId "13714287"]
[WhiteElo "3158"]
[BlackElo "2658"]
[Result "1-0"]
[Round "5"]
[TimeControl "180+2"]
[Date "2023.07.04"]
[WhiteClock "0:01:08"]
[BlackClock "0:00:10"]
[Board "19"]

1. Nf3 Nf6 2. b3 g6 3. e3 Bg7 4. Bb2 O-O 5. d4 d5 6. c4 b6 7. Nbd2 Bb7 8. Rc1 Nbd7 9. c5 c6 10. b4 a5 11. b5 Ne4 12. bxc6 Bxc6 13. cxb6 Qxb6 14. Rb1 Nxd2 15. Qxd2 e5 16. Qc1 Rab8 17. Nd2 Rfc8 18. Qd1 Qa7 19. dxe5 Nxe5 20. Bd4 Qc7 21. Be2 Rxb1 22. Qxb1 Rb8 23. Qa1 a4 24. O-O f6 25. Rc1 Qd7 26. f4 Nf7 27. Bxf6 Qe6 28. Bd4 Nh6 29. Bxg7 Qxe3+ 30. Kh1 Qxe2 31. Bxh6 Qxd2 32. Qg7# 1-0


[Site "https://www.chess.com"]

[Event "Titled Tuesday Blitz July 4 Early 2023"]
[White "So, Wesley"]
[Black "Matinian, Nikita"]
[WhiteFideId "5202213"]
[BlackFideId "24129100"]
[WhiteElo "3085"]
[BlackElo "2705"]
[Result "1/2-1/2"]
[Round "5"]
[TimeControl "180+2"]
[Date "2023.07.04"]
[WhiteClock "0:00:03"]
[BlackClock "0:00:04"]
[Board "20"]

1. Nf3 Nf6 2. c4 g6 3. Nc3 Bg7 4. e4 d6 5. d4 O-O 6. h3 e5 7. d5 Nh5 8. g3 Na6 9. Be2 Qe8 10. Rg1 Bd7 11. Be3 Nc5 12. Nd2 Nf6 13. g4 a5 14. h4 c6 15. h5 cxd5 16. exd5 h6 17. Bxc5 dxc5 18. Nde4 Qe7 19. Bd3 Ne8 20. Qd2 Ra6 21. hxg6 fxg6 22. g5 h5 23. d6 Qd8 24. O-O-O Bf5 25. Qe3 Nxd6 26. Nxc5 Rc6 27. Bxf5 Nxf5 28. Rxd8 Nxe3 29. Rxf8+ Bxf8 30. Nxb7 Nxc4 31. b3 Nd6 32. Nxd6 Rxc3+ 33. Kd2 Rf3 34. Ke2 Rf4 35. Nc4 Bc5 36. Rg2 h4 37. Rh2 a4 38. f3 axb3 39. axb3 e4 40. fxe4 Rxe4+ 41. Kf3 Rd4 42. Nd2 Kg7 43. Ne4 Rd3+ 44. Kf4 Bd6+ 45. Nxd6 Rxd6 46. Ke4 Rb6 47. Rb2 Rb4+ 48. Kf3 Kf7 49. Kg2 Ke6 50. Kh3 Kf5 51. Rg2 Rxb3+ 52. Kxh4 Rf3 53. Rg1 Kf4 54. Rg4+ Kf5 55. Rg1 Rf4+ 56. Kh3 Rf3+ 57. Kh4 1/2-1/2


[Site "https://www.chess.com"]

[Event "Titled Tuesday Blitz July 4 Early 2023"]
[White "Tahbaz, Arash"]
[Black "Cherniaiev, Tykhon"]
[WhiteFideId "12528846"]
[BlackFideId "14182360"]
[WhiteElo "3032"]
[BlackElo "2705"]
[Result "1-0"]
[Round "5"]
[TimeControl "180+2"]
[Date "2023.07.04"]
[WhiteClock "0:00:10"]
[BlackClock "0:00:06"]
[Board "21"]

1. Nf3 Nf6 2. g3 g6 3. Bg2 Bg7 4. O-O O-O 5. c4 c5 6. Nc3 Nc6 7. d4 cxd4 8. Nxd4 d6 9. Nxc6 bxc6 10. Bxc6 Bh3 11. Bxa8 Qxa8 12. f3 Bxf1 13. Kxf1 Rc8 14. Qd3 Qc6 15. Be3 a6 16. b3 Nd7 17. Nd5 Kf8 18. Bd4 e5 19. Bc3 Nc5 20. Qd2 Qd7 21. Kg2 Qe6 22. Rd1 h5 23. Bb4 e4 24. Nf4 exf3+ 25. exf3 Qe5 26. Qxd6+ Qxd6 27. Rxd6 Kg8 28. Nd5 Bf8 29. Bxc5 Rxc5 30. Rxa6 Rc8 31. Kf2 Bc5+ 32. Ke2 Re8+ 33. Kd3 Re1 34. b4 Bg1 35. c5 Bxh2 36. Nf6+ Kg7 37. Ne4 f5 38. Kd2 Rb1 39. c6 Rxb4 40. Nd6 Rd4+ 41. Ke3 Rxd6 42. c7 Rxa6 43. c8=Q Rxa2 44. Qd7+ Kh6 45. Qd8 Bg1+ 46. Kd3 Ra3+ 47. Ke2 Ra2+ 48. Kf1 Be3 49. f4 Rf2+ 50. Ke1 Kh7 51. Qe7+ Kh6 52. Qxe3 Ra2 53. Qd4 Kh7 54. Qd7+ Kh6 55. Qe8 Kh7 56. Qf7+ Kh6 57. Qxa2 h4 58. Kf2 Kh5 59. gxh4 Kxh4 60. Qb3 Kg4 61. Qg3+ Kh5 62. Qg5# 1-0


[Site "https://www.chess.com"]

[Event "Titled Tuesday Blitz July 4 Early 2023"]
[White "Madaminov, Mukhiddin"]
[Black "Bauman_Guy"]
[WhiteFideId "14210703"]
[WhiteElo "3022"]
[BlackElo "2695"]
[Result "0-1"]
[Round "5"]
[TimeControl "180+2"]
[Date "2023.07.04"]
[WhiteClock "0:00:00"]
[BlackClock "0:00:39"]
[Board "22"]

1. e4 c5 2. Nf3 d6 3. d4 Nf6 4. Nc3 cxd4 5. Nxd4 a6 6. a3 e5 7. Nf5 d5 8. Bg5 d4 9. Bxf6 gxf6 10. Nb1 Bxf5 11. exf5 Qd5 12. Qd3 Nd7 13. Nd2 Qa5 14. Qh3 Bb4 15. O-O-O Bxd2+ 16. Rxd2 Rc8 17. Qh6 Ke7 18. h4 Nc5 19. Rh3 Ne4 20. Re2 Qc5 21. f4 d3 22. Rxd3 Qg1 23. Rd1 Rhd8 24. Rde1 Ng3 25. Rxe5+ fxe5 26. Qg5+ Kf8 27. Qxg3 Qd4 28. c3 Qd2+ 29. Kb1 exf4 30. Qg5 Qxe1+ 31. Ka2 Qxf1 32. f6 Qc4+ 33. Kb1 Qd3+ 34. Ka1 Qd1+ 0-1


[Site "https://www.chess.com"]

[Event "Titled Tuesday Blitz July 4 Early 2023"]
[White "Makarian, Rudik"]
[Black "Goryachkina, Aleksandra"]
[WhiteFideId "44105681"]
[BlackFideId "4147103"]
[WhiteElo "2993"]
[BlackElo "2693"]
[Result "0-1"]
[Round "5"]
[TimeControl "180+2"]
[Date "2023.07.04"]
[WhiteClock "0:00:00"]
[BlackClock "0:00:02"]
[Board "23"]

1. d4 Nf6 2. c4 e6 3. Nf3 d5 4. Nc3 Bb4 5. Qa4+ Nc6 6. Bd2 dxc4 7. e3 Bd7 8. Qc2 Na5 9. Rd1 O-O 10. Ne5 b5 11. Nxb5 Bxd2+ 12. Qxd2 Bxb5 13. Qxa5 Qd5 14. a4 Bd7 15. Nxc4 Rab8 16. Qxa7 Ra8 17. Qc5 Bxa4 18. Rc1 Qb7 19. f3 Nd5 20. Be2 Bb5 21. Kf2 Bxc4 22. Qxc4 Qxb2 23. Rc2 Qa3 24. Qd3 Qxd3 25. Bxd3 Nb4 26. Rd2 Nxd3+ 27. Rxd3 Ra2+ 28. Kg3 Rb8 29. Rc3 Rbb2 30. Rg1 Rc2 31. Rxc2 Rxc2 32. Ra1 g6 33. Ra5 Kf8 34. f4 Ke7 35. Kf3 h5 36. h3 Kd6 37. Ra6+ Kd7 38. g4 hxg4+ 39. hxg4 Rc1 40. Ke4 Ke7 41. Ra7 Kd6 42. g5 Rb1 43. Ra6+ Ke7 44. Rc6 Kd7 45. Rc2 Kd6 46. Ra2 Rb6 47. Ra8 Rb5 48. Ra6+ Ke7 49. Ra7 Kd6 50. Ra8 Ke7 51. Rh8 Kd6 52. Kd3 Ke7 53. Ra8 Rb3+ 54. Ke2 Rb2+ 55. Kf3 Rb3 56. Ra6 Rb4 57. Ke4 Rb5 58. Rc6 Kd7 59. Rc5 Rb7 60. Ke5 Ke7 61. e4 Ra7 62. d5 exd5 63. exd5 Kd7 64. Kf6 Kd6 65. Rc1 Kxd5 66. Kxf7 Ke4 67. Rf1 Kf5 68. Kg7 c5+ 69. Kh6 Rc7 0-1


[Site "https://www.chess.com"]

[Event "Titled Tuesday Blitz July 4 Early 2023"]
[White "Antonio, Rogelio Jr"]
[Black "Andreikin, Dmitry"]
[WhiteFideId "5200032"]
[BlackFideId "4158814"]
[WhiteElo "2693"]
[BlackElo "2989"]
[Result "0-1"]
[Round "5"]
[TimeControl "180+2"]
[Date "2023.07.04"]
[WhiteClock "0:00:00"]
[BlackClock "0:00:28"]
[Board "24"]

1. e4 c5 2. Nf3 g6 3. d4 cxd4 4. Qxd4 Nf6 5. Bb5 a6 6. e5 axb5 7. exf6 Nc6 8. Qd3 b4 9. Nbd2 d5 10. O-O exf6 11. Re1+ Be7 12. Nb3 O-O 13. Be3 Bf5 14. Qd2 Ne5 15. Nxe5 fxe5 16. Bh6 Qd6 17. Bxf8 Bxf8 18. Rad1 d4 19. f4 Qb6 20. Qf2 Bh6 21. Kh1 Bxf4 22. Nxd4 h5 23. Qf1 Bg4 24. Rd3 Rxa2 25. Nf3 Bf5 26. Nxe5 Bxe5 27. Rxe5 Bxd3 28. cxd3 Qf6 29. Re8+ Kg7 30. Qe1 Qxb2 31. Qg3 h4 0-1


[Site "https://www.chess.com"]

[Event "Titled Tuesday Blitz July 4 Early 2023"]
[White "Quintiliano Pinto, Renato R."]
[Black "Paravyan, David"]
[WhiteFideId "2117568"]
[BlackFideId "4194985"]
[WhiteElo "2690"]
[BlackElo "2981"]
[Result "0-1"]
[Round "5"]
[TimeControl "180+2"]
[Date "2023.07.04"]
[WhiteClock "0:00:00"]
[BlackClock "0:01:57"]
[Board "25"]

1. e4 e5 2. Nf3 Nf6 3. Nc3 Nc6 4. Bb5 Nd4 5. O-O Nxb5 6. Nxb5 c6 7. Nc3 d6 8. a4 Be7 9. h3 g5 10. Nh2 Rg8 11. d4 exd4 12. Qxd4 g4 13. hxg4 Nxg4 14. Nxg4 Bxg4 15. Bf4 Qd7 16. f3 Bh5 17. Kh2 Qe6 18. Rad1 Qg6 19. g4 Bxg4 20. fxg4 Qxg4 21. Qe3 Qe6 22. Qh3 Rg4 23. Bg3 O-O-O 24. Rf4 h5 25. Rdf1 Rdg8 26. R1f3 f6 27. Rf5 h4 28. Bxh4 d5 29. Bg3 dxe4 30. Re3 Qxf5 0-1


[Site "https://www.chess.com"]

[Event "Titled Tuesday Blitz July 4 Early 2023"]
[White "Petrosian, Karlen"]
[Black "Oparin, Grigoriy"]
[WhiteFideId "4176146"]
[BlackFideId "24125890"]
[WhiteElo "2686"]
[BlackElo "2971"]
[Result "0-1"]
[Round "5"]
[TimeControl "180+2"]
[Date "2023.07.04"]
[WhiteClock "0:00:18"]
[BlackClock "0:01:31"]
[Board "26"]

1. e4 c5 2. Be2 g6 3. f4 Bg7 4. Nf3 e6 5. O-O Ne7 6. c3 b6 7. d4 Bb7 8. Bd3 d6 9. Be3 O-O 10. Nbd2 Nbc6 11. a3 Rc8 12. b4 cxd4 13. cxd4 Qd7 14. Qe1 f5 15. Rd1 fxe4 16. Bxe4 Nf5 17. d5 exd5 18. Bxd5+ Kh8 19. Bf2 Rce8 20. Ne4 Ba6 21. Nfg5 h6 22. Nf3 Nce7 23. Bb3 Ng8 24. Nd4 Bxf1 25. Kxf1 Nxd4 26. Bxd4 Rxf4+ 27. Kg1 Rfxe4 28. Bxg7+ Qxg7 29. Qd2 Qe5 0-1


[Site "https://www.chess.com"]

[Event "Titled Tuesday Blitz July 4 Early 2023"]
[White "Fromm, Marius"]
[Black "Eljanov, Pavel"]
[WhiteFideId "12993190"]
[BlackFideId "14102951"]
[WhiteElo "2682"]
[BlackElo "2936"]
[Result "1-0"]
[Round "5"]
[TimeControl "180+2"]
[Date "2023.07.04"]
[WhiteClock "0:00:18"]
[BlackClock "0:00:00"]
[Board "27"]

1. e4 c6 2. d4 d5 3. exd5 cxd5 4. Bd3 Nf6 5. h3 g6 6. Nf3 Bf5 7. Be2 Nc6 8. c3 e6 9. Bf4 Bd6 10. Bxd6 Qxd6 11. Nbd2 O-O-O 12. b4 Ne4 13. Nxe4 dxe4 14. Nd2 e5 15. Nc4 Qc7 16. d5 Ne7 17. d6 Qc6 18. Qb3 Rxd6 19. Nxd6+ Qxd6 20. O-O Be6 21. c4 Nc6 22. a3 Nd4 23. Qb2 f5 24. Rac1 f4 25. c5 Qc7 26. Bc4 Bf5 27. Rfe1 Kb8 28. Bd5 f3 29. Bxe4 fxg2 30. Bxg2 e4 31. Qxd4 1-0


[Site "https://www.chess.com"]

[Event "Titled Tuesday Blitz July 4 Early 2023"]
[White "Velikanov, Alexander"]
[Black "Matlakov, Maxim"]
[WhiteFideId "2039290"]
[BlackFideId "4168003"]
[WhiteElo "2673"]
[BlackElo "2929"]
[Result "0-1"]
[Round "5"]
[TimeControl "180+2"]
[Date "2023.07.04"]
[WhiteClock "0:01:20"]
[BlackClock "0:02:23"]
[Board "28"]

1. e4 e5 2. Nf3 Nf6 3. Nc3 Nc6 4. Bb5 Bd6 5. d3 O-O 6. a3 Ne7 7. Bg5 Ng6 8. Nd5 c6 9. Nxf6+ gxf6 10. Bh6 cxb5 11. h4 Re8 12. h5 Nf4 13. Nh4 Bf8 14. Bxf8 Rxf8 15. g3 Ne6 16. f4 d5 17. Nf5 dxe4 18. Qg4+ Kh8 19. O-O-O Rg8 20. Qe2 Nd4 21. Nxd4 0-1


[Site "https://www.chess.com"]

[Event "Titled Tuesday Blitz July 4 Early 2023"]
[White "Lenderman, Aleksandr"]
[Black "Zhu, Jiner"]
[WhiteFideId "2021285"]
[BlackFideId "8608059"]
[WhiteElo "2912"]
[BlackElo "2670"]
[Result "1-0"]
[Round "5"]
[TimeControl "180+2"]
[Date "2023.07.04"]
[WhiteClock "0:00:09"]
[BlackClock "0:00:01"]
[Board "29"]

1. Nf3 Nf6 2. b3 g6 3. Bb2 Bg7 4. g3 O-O 5. Bg2 d6 6. d4 b6 7. Ne5 d5 8. c4 Bb7 9. Nc3 e6 10. O-O Nbd7 11. Rc1 c5 12. Nxd7 Nxd7 13. dxc5 Nxc5 14. cxd5 exd5 15. Na4 Nxa4 16. Bxg7 Kxg7 17. Qd4+ Qf6 18. Qxa4 Rfe8 19. Rc7 Re7 20. Rxb7 Rxb7 21. Bxd5 Rab8 22. Bxb7 Rxb7 23. Rd1 Rc7 24. Qd4 Qxd4 25. Rxd4 Rc2 26. Ra4 a5 27. e3 h5 28. h4 Rb2 29. Kg2 Rc2 30. Kf3 Rb2 31. e4 Rc2 32. Ke3 Rb2 33. f3 Rg2 34. Kf4 Rf2 35. e5 Rg2 36. b4 axb4 37. Rxb4 Rxa2 38. Rxb6 Re2 39. Rb7 Re1 40. Re7 Kf8 41. Ra7 Kg7 42. Ra4 Re2 43. Re4 Ra2 44. Ke3 Rg2 45. Kf4 Ra2 46. Rd4 Re2 47. Rd7 Re1 48. Re7 Kf8 49. Ra7 Kg7 50. Ra6 Re2 51. Ra4 Re1 52. Re4 Ra1 53. e6 fxe6 54. Rxe6 Kh6 55. Re3 Rf1 56. Ke5 Rg1 57. f4 Kg7 58. f5 Rf1 59. fxg6 Kxg6 60. Ke4 Ra1 61. Rb3 Ra4+ 62. Kf3 Ra5 63. Rb6+ Kf5 64. Rh6 Ra3+ 65. Kg2 Ra2+ 66. Kh3 Ke4 67. Rxh5 Ra1 68. Rg5 Kf3 69. Rf5+ Ke4 70. Kg4 Rg1 71. Rf4+ Ke5 72. h5 Rh1 73. Kg5 Rh3 74. Rg4 Ke6 75. Kg6 1-0


[Site "https://www.chess.com"]

[Event "Titled Tuesday Blitz July 4 Early 2023"]
[White "Koziorowicz, Michal"]
[Black "Ibarra Jerez, Jose Carlos"]
[WhiteFideId "21809194"]
[BlackFideId "2226332"]
[WhiteElo "2661"]
[BlackElo "2907"]
[Result "1-0"]
[Round "5"]
[TimeControl "180+2"]
[Date "2023.07.04"]
[WhiteClock "0:00:43"]
[BlackClock "0:00:01"]
[Board "30"]

1. e4 c5 2. Nf3 e6 3. g3 Nc6 4. Bg2 Nf6 5. Nc3 d6 6. d4 cxd4 7. Nxd4 Bd7 8. Ndb5 Qb8 9. Bf4 Ne5 10. O-O a6 11. Nd4 Be7 12. Re1 O-O 13. h3 Nc4 14. Bc1 Rc8 15. b3 Ne5 16. Bb2 b5 17. f4 Qb6 18. Kh2 Nc6 19. Nce2 Rab8 20. c3 d5 21. Nxc6 Bxc6 22. e5 Ne4 23. Nd4 b4 24. c4 Nc3 25. Qd2 Ba8 26. cxd5 Bxd5 27. Bxd5 Nxd5 28. Rac1 Nc3 29. Re3 Rd8 30. Rd3 Rd5 31. Bxc3 bxc3 32. Qxc3 Rbd8 33. Rcd1 h5 34. h4 Qa7 35. Kh3 Qd7 36. b4 f6 37. Qc4 fxe5 38. fxe5 a5 39. a3 axb4 40. axb4 Rc8 41. Qb3 Rd8 42. Qc4 Kh8 43. Kg2 Qb7 44. Kh3 Rxe5 45. Nf3 Rxd3 46. Rxd3 Rf5 47. Qb3 Qe4 48. Re3 Qg4+ 49. Kg2 Bxb4 50. Qxe6 Bc5 51. Qe8+ Rf8 52. Ng5 Bxe3 53. Qxf8# 1-0


[Site "https://www.chess.com"]

[Event "Titled Tuesday Blitz July 4 Early 2023"]
[White "Dardha, Daniel"]
[Black "Koellner, Ruben Gideon"]
[WhiteFideId "240990"]
[BlackFideId "12993093"]
[WhiteElo "2902"]
[BlackElo "2667"]
[Result "1-0"]
[Round "5"]
[TimeControl "180+2"]
[Date "2023.07.04"]
[WhiteClock "0:00:17"]
[BlackClock "0:00:00"]
[Board "31"]

1. d4 d6 2. Bg5 Nd7 3. Nc3 Ngf6 4. e4 e5 5. Bc4 Be7 6. Nf3 h6 7. Be3 c6 8. a4 Qc7 9. h3 Nf8 10. a5 Ng6 11. O-O O-O 12. d5 cxd5 13. Bxd5 Be6 14. Bxe6 fxe6 15. a6 bxa6 16. Rxa6 Qb7 17. Qd3 Rfc8 18. Ra2 a5 19. Rfa1 Kh7 20. b3 Qc7 21. Nb5 Qc6 22. Na7 Qxe4 23. Nxc8 Rxc8 24. Qxe4 Nxe4 25. c4 Bd8 26. Nd2 Nf6 27. Nb1 Rb8 28. Ra3 d5 29. Bd2 Ne4 30. Bxa5 Bxa5 31. Rxa5 Rxb3 32. cxd5 exd5 33. Rxd5 Rb2 34. f3 Ng3 35. Rd2 Rb3 36. Na3 e4 37. fxe4 Nxe4 38. Rc2 Nf6 39. Nc4 Rb7 40. Re1 Rc7 41. Ne3 Re7 42. Rcc1 Nf4 43. Nf5 Ra7 44. Rc4 N4d5 45. Rd4 Kg6 46. Nh4+ Kf7 47. Nf3 Ne7 48. Ne5+ Kg8 49. Rc4 Kh7 50. Nc6 Nxc6 51. Rxc6 Kg6 52. Rf1 Rf7 53. Rc3 Rd7 54. Rg3+ Kh7 55. Rgf3 Kg6 56. Kh2 Ra7 57. Rb3 Rc7 58. Rfb1 Ra7 59. Rb7 Rxb7 60. Rxb7 Nh7 61. g4 Kf6 62. Rb6+ Kf7 63. Kg3 Nf8 64. Ra6 Ne6 65. h4 g6 66. Ra7+ Kg8 67. Kf3 Ng7 68. Kf4 h5 69. gxh5 gxh5 70. Kg5 Kf8 71. Kf6 Ne8+ 72. Kg6 Nd6 73. Kxh5 Kg8 74. Kg6 Kf8 75. Ra8+ Ke7 76. h5 Ke6 77. h6 1-0


[Site "https://www.chess.com"]

[Event "Titled Tuesday Blitz July 4 Early 2023"]
[White "Aravindh, Chithambaram VR."]
[Black "Guerra Tulcan, Lenin"]
[WhiteFideId "5072786"]
[BlackFideId "3601382"]
[WhiteElo "2897"]
[BlackElo "2654"]
[Result "1-0"]
[Round "5"]
[TimeControl "180+2"]
[Date "2023.07.04"]
[WhiteClock "0:00:08"]
[BlackClock "0:00:09"]
[Board "32"]

1. d4 Nf6 2. Nf3 c5 3. d5 d6 4. Nc3 g6 5. g3 Bg7 6. Bg2 O-O 7. O-O b6 8. a4 Bb7 9. e4 a6 10. Nd2 Nbd7 11. Nc4 Qc7 12. Bf4 Ne5 13. Bxe5 dxe5 14. d6 exd6 15. Qxd6 Qxd6 16. Nxd6 Bc6 17. Rfd1 Rfb8 18. Nc4 Ne8 19. Bh3 Bf6 20. Bd7 Bxd7 21. Rxd7 b5 22. axb5 axb5 23. Rxa8 Rxa8 24. Nxb5 Ra1+ 25. Kg2 Rc1 26. Rd2 Kf8 27. c3 h5 28. h4 Re1 29. Rd7 Be7 30. Nxe5 Rxe4 31. Nc6 Bf6 32. Nd8 Re7 33. Rd5 Re2 34. Nc6 Rxb2 35. Rxc5 Ng7 36. Ncd4 Bxd4 37. Nxd4 Ne6 38. Nxe6+ fxe6 39. Rc7 Rc2 40. Kf3 Kg8 41. Ke3 Kf8 42. c4 Kg8 43. c5 Kf8 44. c6 Rc4 45. Kd3 Rc1 46. Kd4 Ke8 47. Ke5 Re1+ 48. Kf6 Kd8 49. Rd7+ Kc8 50. Kxg6 Re2 51. Rf7 e5 52. Kxh5 e4 53. Kg6 e3 54. fxe3 Rxe3 55. g4 Re6+ 56. Rf6 Re4 57. Kg5 Re5+ 58. Rf5 Re6 59. h5 Kc7 60. h6 Rxc6 61. h7 1-0


[Site "https://www.chess.com"]

[Event "Titled Tuesday Blitz July 4 Early 2023"]
[White "Bacrot, Etienne"]
[Black "Taspinar, Yanki"]
[WhiteFideId "605506"]
[BlackFideId "34561188"]
[WhiteElo "2863"]
[BlackElo "2654"]
[Result "0-1"]
[Round "5"]
[TimeControl "180+2"]
[Date "2023.07.04"]
[WhiteClock "0:01:06"]
[BlackClock "0:01:07"]
[Board "33"]

1. e4 e6 2. Nf3 c5 3. b3 Nf6 4. e5 Nd5 5. Bb2 Be7 6. Nc3 O-O 7. Nxd5 exd5 8. d4 d6 9. Bd3 dxe5 10. Nxe5 Bf6 11. O-O cxd4 12. Bxd4 Nc6 13. Nxc6 bxc6 14. Bxf6 Qxf6 15. Re1 Be6 16. Qd2 Rfe8 17. Qa5 Qg5 18. Re3 Bf5 19. Qxa7 Be4 20. Bxe4 Rxa7 21. Bxh7+ Kxh7 22. Rxe8 Rxa2 0-1


[Site "https://www.chess.com"]

[Event "Titled Tuesday Blitz July 4 Early 2023"]
[White "Molina, Roberto Junio Brito"]
[Black "Tan, Jun Ying"]
[WhiteFideId "2109450"]
[BlackFideId "5710413"]
[WhiteElo "2862"]
[BlackElo "2654"]
[Result "1-0"]
[Round "5"]
[TimeControl "180+2"]
[Date "2023.07.04"]
[WhiteClock "0:00:28"]
[BlackClock "0:00:00"]
[Board "34"]

1. d4 d5 2. Nf3 c6 3. e3 Nf6 4. Be2 Bf5 5. O-O h6 6. b3 e6 7. Bd3 Ne4 8. Ne5 Nd7 9. Nxd7 Qxd7 10. f3 Nd6 11. Bxf5 Nxf5 12. Qd3 Bd6 13. Nd2 Qc7 14. f4 g5 15. g3 h5 16. Nf3 h4 17. g4 Ng7 18. Nxg5 O-O-O 19. h3 f6 20. Nf3 Rdg8 21. Kh1 f5 22. Rg1 fxg4 23. hxg4 h3 24. Bd2 h2 25. Rg2 Nf5 26. gxf5 Rxg2 27. Kxg2 Qh7 28. Kh1 Qh3 29. Ng5 Qg3 30. Qe2 exf5 31. Qg2 Qh4 32. Nf7 Rh7 33. Nxd6+ Kd7 34. Nxf5 Qh5 35. Ng3 Qg4 36. Rf1 Rh3 37. Be1 Rh8 38. Bf2 Qg6 39. f5 Qg4 40. e4 Qf4 41. exd5 Qd2 42. dxc6+ bxc6 43. Ne4 Qxc2 44. Nc5+ Kc7 45. Bg3+ Kb6 46. Na4+ Ka5 47. Be1+ Ka6 48. Qxc2 Kb7 49. Qxh2 1-0


[Site "https://www.chess.com"]

[Event "Titled Tuesday Blitz July 4 Early 2023"]
[White "Henriquez Villagra, Cristobal"]
[Black "Souleidis, Georgios"]
[WhiteFideId "3409350"]
[BlackFideId "4206827"]
[WhiteElo "2858"]
[BlackElo "2648"]
[Result "1-0"]
[Round "5"]
[TimeControl "180+2"]
[Date "2023.07.04"]
[WhiteClock "0:01:01"]
[BlackClock "0:00:00"]
[Board "35"]

1. Nf3 Nf6 2. d3 g6 3. e4 d6 4. g3 c5 5. Bg2 Bg7 6. O-O O-O 7. Re1 Nc6 8. c3 e5 9. a3 a5 10. a4 h6 11. Na3 Be6 12. Nb5 d5 13. exd5 Nxd5 14. d4 exd4 15. cxd4 c4 16. Ne5 Ndb4 17. Nxg6 fxg6 18. Rxe6 Nxd4 19. Rxg6 Nxb5 20. Bxh6 Rf7 21. Qg4 Qe7 22. axb5 Kh7 23. Be4 Kh8 24. Qh5 Kg8 25. Rg4 1-0


[Site "https://www.chess.com"]